Workbook

Sheet Лист1
DS1: Приложение 1
DS2: к стандартам раскрытия информации субъектами оптового
DS3: и розничных рынков электрической энергии,
DS4: утв. постановлением Правительства РФ от 21 января 2004 г. № 24
A10: ПРЕДЛОЖЕНИЕ
A11: об установлении долгосрочных предельных (минимальных и (или) максимальных) уровней цен (тарифов) на электрическую энергию (мощность) в технологически изолированных территориальных электроэнергетических системах, произведенную АО «КЭС» на генерирующих объектах, расположенных в п. Октябрьский Усть-Большерецкого района Камчатского края и потребляемую объектами, введенными в эксплуатацию после 1 июля 2017 года, в целях заключения двусторонних договоров купли-продажи электрической энергии
BI13: на | BK13: 2020-2024 | CD13: годы
BK14: (расчетный период регулирования)
S17: Акционерное общество "Камчатские электрические сети им. И.А. Пискунова"
S18: (полное и сокращенное наименование юридического лица)
S19: (АО "КЭС")

Sheet Лист2
A2: I. Информация об организации
A6: Полное наименование | U6: АКЦИОНЕРНОЕ ОБЩЕСТВО "КАМЧАТСКИЕ ЭЛЕКТРИЧЕСКИЕ СЕТИ ИМ. И.А. ПИСКУНОВА"
A8: Сокращенное наименование | Z8: АО "КЭС"
A10: Место нахождения | R10: РОССИЯ, КАМЧАТСКИЙ КРАЙ, Г. ПЕТРОПАВЛОВСК-КАМЧАТСКИЙ, УЛ. ТОПОРКОВА, Д.9/3, ОФ. 6
A12: Фактический адрес | R12: РОССИЯ, КАМЧАТСКИЙ КРАЙ, Г. ПЕТРОПАВЛОВСК-КАМЧАТСКИЙ, УЛ. ТОПОРКОВА, Д.9/3, ОФ. 6
A14: ИНН | F14: 4101090167
A16: КПП | F16: 410101001
A18: Ф.И.О. руководителя | T18: ПИСКУНОВА ИРИНА ИВАНОВНА
A20: Адрес электронной почты | X20: kamelcety@mail.ru, semchevaIV@yandex.ru
A22: Контактный телефон | T22: 8(4152) 228-000, 8(41532) 22471
A24: Факс | F24: 8(4152) 228-000

Sheet Листы3-5
A1: II. Основные показатели деятельности организации
A3: № | I3: Наименование показателей | AP3: Единица | BF3: Фактические показатели | CB3: Показатели, | CX3: Предложения
A4: п/п | AP4: измерения | BF4: за 2018 год | CB4: утвержденные на 2019 г. | CX4: на 2020 г.
A5: 1. Основные показатели деятельности организаций, относящихся к субъектам естественных монополий,
A6: а также коммерческого оператора оптового рынка электрической энергии (мощности)
A7: 1. | I7: Показатели эффективности
I8: деятельности организации
A9: 1.1. | I9: Выручка | AP9: тыс. рублей | BF9: 316195 | CB9: ='[1]15'!$Q$73 -> 264239.35 | CX9: ='[2]15'!$S$73 -> 90171.897
A10: 1.2. | I10: Прибыль (убыток) от продаж | AP10: тыс. рублей | BF10: =BF9-'[1]15'!$P$59 -> 30295.013 | CB10: =CB9-'[1]15'!$Q$59 -> 22215.425 | CX10: =CX9-'[2]15'!$S$59 -> 51549.081
A11: 1.3. | I11: EBITDA (прибыль до процентов, | AP11: тыс. рублей | BF11: =BF10+'[1]15'!$P$24 -> 49355.013 | CB11: =CB10+13703 -> 35918.425 | CX11: =CX10+'[2]15'!$S$24 -> 62180.133
I12: налогов и амортизации)
A13: 1.4. | I13: Чистая прибыль (убыток) | AP13: тыс. рублей | BF13: 19991 | CB13: 0 | CX13: 0
A14: 2. | I14: Показатели рентабельности
I15: организации
A16: 2.1. | I16: Рентабельность продаж (величина | AP16: процент | BF16: =BF13/BF9*100 -> 6.3223644 | CB16: =CB13/CB9*100 -> 0 | CX16: =CX13/CX9*100 -> 0
I17: прибыли от продаж в каждом рубле
I18: выручки). Нормальное значение для
I19: данной отрасли от 9 процентов и
I20: более
A21: 3. | I21: Показатели регулируемых видов
I22: деятельности организации
A23: 3.1. | I23: Расчетный объем услуг в части управ- | AP23: МВт
I24: ления технологическими режимами2
A25: 3.2. | I25: Расчетный объем услуг в части | AP25: МВт·ч
I26: обеспечения надежности2
A27: 3.3. | I27: Заявленная мощность3 | AP27: МВт | BF27: ='[1]6а'!$L$72 -> 6.2541493 | CB27: ='[1]6а'!$L$79 -> 7.7677337 | CX27: ='[2]6а'!$L$94 -> 0.33914654
A28: 3.4. | I28: Объем полезного отпуска | AP28: тыс. кВт·ч | BF28: =[1]П1.2.2!$Q$38*1000 -> 23390.518 | CB28: =[1]П1.2.2!$R$38*1000 -> 20188.169 | CX28: =[2]П1.2.2!$T$38*1000 -> 1499.706
I29: электроэнергии — всего3
A30: 3.5. | I30: Объем полезного отпуска электроэнер- | AP30: тыс. кВт·ч | BF30: ='[1]6а'!$E$69*1000 -> 2135.347 | CB30: ='[1]6а'!$K$76*1000 -> 1978.358 | CX30: ='[2]6а'!$K$91*1000 -> 0
I31: гии населению и приравненным
I32: к нему категориям потребителей3
A33: 3.6. | I33: Уровень потерь электрической | AP33: процентов
I34: энергии 3
A37: 3.7. | I37: Реквизиты программы энергоэффек- | BF37: Программа энергосбережения и повышения энергетической эффективности Акционерного общества "Камчатские электрические сети им. И.А. Пискунова"на 2016 - 2018 г.г., утверждена Генеральным директором АО «КЭС» 31.01.2017 г. | CB37: Программа энергосбережения и повышения энергетической эффективности Акционерного общества "Камчатские электрические сети им. И.А. Пискунова"на 2019 - 2021 г.г., утверждена Генеральным директором АО «КЭС» 29.01.2019 г. | CX37: Программа энергосбережения и повышения энергетической эффективности Акционерного общества "Камчатские электрические сети им. И.А. Пискунова"на 2019 - 2021 г.г., утверждена Генеральным директором АО «КЭС» 29.01.2019 г.
I38: тивности (кем утверждена, дата
I39: утверждения, номер приказа)3
A40: 3.8. | I40: Суммарный объем производства и | AP40: МВт·ч
I41: потребления электрической энергии
I42: участниками оптового рынка
I43: электрической энергии4
A44: 4. | I44: Необходимая валовая выручка | BF44: ='[1]15-2'!$O$72 -> 197697.55 | CB44: ='[1]15-2'!$P$72 -> 113477.86 | CX44: ='[2]15'!$S$73 -> 90171.897
I45: по регулируемым видам деятельности
I46: организации — всего
A47: 4.1. | I47: Расходы, связанные с производством | AP47: тыс. рублей | BF47: =[1]подконтр!$EO$49 -> 49448.108 | CB47: =[1]подконтр!$FJ$49 -> 31478.817 | CX47: =[2]подконтр!$CY$49 -> 25411.892
I48: и реализацией товаров, работ и услуг 2, 4;
I49: операционные (подконтрольные)
I50: расходы3 — всего
I51: в том числе:
I52: оплата труда | AP52: тыс. рублей | BF52: =[1]подконтр!$EO$24 -> 31848.958 | CB52: ='[1]15-2'!$P$17 -> 28435.405 | CX52: ='[2]15'!$S$17 -> 3455.2816
I53: ремонт основных фондов | AP53: тыс. рублей | BF53: =[1]подконтр!$EO$23 -> 11430 | CB53: ='[1]15-2'!$P$52 -> 1165.3161 | CX53: ='[2]15'!$S$52 -> 9802.2588
I54: материальные затраты | AP54: тыс. рублей | BF54: =BF47-BF52-BF53 -> 6169.15 | CB54: =CB47-CB52-CB53 -> 1878.0958 | CX54: =CX47-CX52-CX53 -> 12154.352
A55: 4.2. | I55: Расходы, за исключением указанных | AP55: тыс. рублей | BF55: ='[1]15-2'!$O$72-BF60-BF47 -> 132947.44 | CB55: =CB44-CB47-CB60+38086 -> 101335.04 | CX55: =13211-10631 -> 2580
I56: в позиции 4.12, 4; неподконтрольные
I57: расходы3 — всего3
A58: 4.3. | I58: Выпадающие, излишние доходы | AP58: тыс. рублей | CB58: 0/38086 | CX58: 0
I59: (расходы) прошлых лет
A60: 4.4. | I60: Инвестиции, осуществляемые за счет | AP60: тыс. рублей | BF60: ='[1]20-2'!$L$15 -> 15302 | CB60: ='[1]20.1-5 п 2019-20'!$B$64+'[1]20.1-5 п 2019-20'!$C$64 -> 18750 | CX60: ='[2]15'!$S$24+'[2]21 (2)'!$Q$12 -> 48949.053
I61: тарифных источников
A62: 4.4.1. | I62: Реквизиты инвестиционной | BF62: Инвестиционная программа АО "КЭС" на 2018 г. утверждена постановлением РСТ №113 от 31.05.2018 | CB62: Инвестиционная программа АО "КЭС" на 2019 г. утверждена постановлением РСТ №113 от 31.05.2019 | CX62: Проект Инвестиционной программы по ВЭУ 13,14 подан в РСТ КК письмом АО "КЭС" от 04.03.2020 № 173
I63: программы (кем утверждена, дата
I64: утверждения, номер приказа)
A66: 4.5. | I66: Объем условных единиц3 | AP66: у. е. | BF66: =CX66 -> 0 | CB66: =206+14 -> 220 | CX66: ='[2]2.2'!$G$61+'[2]2.2'!$G$64 -> 0
A67: 4.6. | I67: Операционные (подконтрольные) | AP67: тыс. рублей
I68: расходы на условную единицу3 | AP68: (у. е.)
A69: 5. | I69: Показатели численности персонала и
I70: фонда оплаты труда по регулируемым
I71: видам деятельности
A72: 5.1. | I72: Среднесписочная численность | AP72: человек | BF72: ='[1]16-2'!$P$9 -> 20 | CB72: ='[1]16-2'!$Q$9 -> 21.893295 | CX72: 2
I73: персонала
A74: 5.2. | I74: Среднемесячная заработная плата | AP74: тыс. рублей | BF74: ='[1]16-2'!$P$32/1000 -> 132.01196 | CB74: ='[1]16-2'!$Q$32/1000 -> 107.08829 | CX74: ='[2]16-2'!$S$32/1000 -> 142.22831
I75: на одного работника | AP75: на человека
A76: 5.3. | I76: Реквизиты отраслевого тарифного | BF76: Коллективный договор АО "КЭС" на 2018 - 2020 годы, утвержден генеральным директором 01.01.2018 г., срок действия 3 года | CB76: Коллективный договор АО "КЭС" на 2018 - 2020 годы, утвержден генеральным директором 01.01.2018 г., срок действия 3 года | CX76: Коллективный договор АО "КЭС" на 2018 - 2020 годы, утвержден генеральным директором 01.01.2018 г., срок действия 3 года
I77: соглашения (дата утверждения, срок
I78: действия)
A80: 6. | I80: Уставный капитал (складочный капи- | AP80: тыс. рублей | BF80: 1100 | CB80: РСТ не утверждено | CX80: 1100
I81: тал, уставный фонд, вклады товарищей)
A82: 7. | I82: Анализ финансовой устойчивости | AP82: тыс. рублей
I83: по величине излишка (недостатка)
I84: собственных оборотных средств
A86: 1 Базовый период — год, предшествующий расчетному периоду регулирования.
A87: 2 Заполняются организацией, осуществляющей оперативно-диспетчерское управление в электроэнергетике.
A88: 3 Заполняются сетевыми организациями, осуществляющими передачу электрической энергии (мощности) по электрическим сетям.
A89: 4 Заполняются коммерческим оператором оптового рынка электрической энергии (мощности).

Sheet Листы12-14
A1: 3. Основные показатели деятельности генерирующих объектов
A3: № | I3: Наименование показателей | AP3: Единица | BF3: ='Листы3-5'!BF3:CA3 -> Фактические показатели | CB3: ='Листы3-5'!CB3:CW3 -> Показатели, | CX3: ='Листы3-5'!CX3:DS3 -> Предложения
A4: п/п | AP4: измерения | BF4: ='Листы3-5'!BF4:CA4 -> за 2018 год | CB4: ='Листы3-5'!CB4:CW4 -> утвержденные на 2019 г. | CX4: ='Листы3-5'!CX4:DS4 -> на 2020 г.
A5: 1. | I5: Установленная мощность | AP5: МВт | BF5: 7.3 | CB5: 7.3 | CX5: ='[2]П1.1.1 - 1.1.2'!$BU$11 -> 1.6
A6: 2. | I6: Среднегодовое значение положитель- | AP6: МВт | BF6: =3.85-0.027 -> 3.823 | CB6: =3.85-0.048 -> 3.802 | CX6: ='[2]П1.1.1 - 1.1.2'!$BU$20-'[2]П1.1.1 - 1.1.2'!$BU$25 -> 1.5776
I7: ных разниц объемов располагаемой
I8: мощности и объемов потребления
I9: мощности на собственные и (или)
I10: хозяйственные нужды
A11: 3. | I11: Производство электрической энергии | AP11: млн. кВт·ч | BF11: =[1]П1.2.2!$Q$7 -> 6.983209 | CB11: =[1]П1.2.2!$S$7 -> 7.926883 | CX11: =[2]П1.2.2!$T$7 -> 1.521
A12: 4. | I12: Полезный отпуск электрической | AP12: млн. кВт·ч | BF12: =[1]П1.2.2!$Q$38 -> 23.390518 | CB12: =[1]П1.2.2!$R$38 -> 20.188169 | CX12: =[2]П1.2.2!$T$38 -> 1.499706
I13: энергии
A14: 5. | I14: Отпуск тепловой энергии | AP14: тыс. Гкал
I15: с коллекторов
A16: 6. | I16: Отпуск тепловой энергии в сеть | AP16: тыс. Гкал
A17: 7. | I17: Необходимая валовая выручка — | AP17: млн. рублей | BF17: ='[1]15 -1'!$O$73/1000 -> 98.506437 | CB17: ='[1]15 -1'!$P$73/1000 -> 150.7615 | CX17: ='[2]15 -1'!$R$73/1000 -> 90.171897
I18: всего в том числе:
A19: 7.1. | I19: относимая на электрическую энергию | AP19: млн. рублей | BF19: =BF46+BF57 -> 3.8774816 | CB19: =CB46+CB57 -> 10.619261 | CX19: =CX46+CX57 -> 0
A20: 7.2. | I20: относимая на электрическую мощность | AP20: млн. рублей | BF20: =BF47+BF58 -> 94.628955 | CB20: =CB47+CB58 -> 140.14224 | CX20: =CX47+CX58+CX61 -> 90.171897
A21: 7.3. | I21: относимая на тепловую энергию, | AP21: млн. рублей
I22: отпускаемую с коллекторов источников
A23: 8. | I23: Топливо — всего, в том числе: | AP23: тыс. т.у.т. | BF23: ='[1]11'!$E$54 -> 0.10007338 | CB23: ='[1]11'!$E$59 -> 0.24759965 | CX23: ='[2]11'!$E$69 -> 0
A24: 8.1. | I24: топливо на электрическую энергию | AP24: млн. рублей | BF24: ='[1]15'!$P$13/1000 -> 3.6742758 | CB24: ='[1]15'!$Q$13/1000 -> 9.7965393 | CX24: ='[2]15'!$S$13/1000 -> 0
I25: удельный расход условного топлива | AP25: г/кВт·ч | BF25: ='[1]9'!$I$110 -> 428.8 | CB25: ='[1]9'!$I$120 -> 428.7597 | CX25: ='[2]9'!$I$141 -> 0
I26: на электрическую энергию
A27: 8.2. | I27: топливо на тепловую энергию | AP27: млн. рублей
I28: удельный расход условного топлива | AP28: кг/Гкал
I29: на тепловую энергию
I30: реквизиты решения по удельному
I31: расходу условного топлива на отпуск
I32: тепловой и электрической энергии
A33: 9. | I33: Амортизация | AP33: млн. рублей | BF33: ='[1]15 -1'!$O$24/1000 -> 7.411 | CB33: ='[1]15 -1'!$P$24/1000 -> 9.1530466 | CX33: ='[2]15 -1'!$R$24/1000 -> 10.631053
A34: 10. | I34: Показатели численности персонала и
I35: фонда оплаты труда по регулируемым
I36: видам деятельности:
A37: 10.1. | I37: среднесписочная численность | AP37: человек | BF37: ='[1]16-1'!$P$9 -> 26 | CB37: ='[1]16-1'!$Q$9 -> 26 | CX37: ='[2]16-1'!$S$9 -> 2
I38: персонала
A39: 10.2. | I39: среднемесячная заработная плата | AP39: тыс. рублей | BF39: ='[1]16-1'!$P$32/1000 -> 132.01196 | CB39: ='[1]16-1'!$Q$32/1000 -> 107.08829 | CX39: ='[2]16-1'!$S$32/1000 -> 142.22831
I40: на одного работника | AP40: на человека
A41: 10.3. | I41: реквизиты отраслевого тарифного | BF41: ='Листы3-5'!BF76 -> Коллективный договор АО "КЭС" на 2018 - 2020 годы, утвержден генеральным директором 01.01.2018 г., срок действия 3 года | CB41: ='Листы3-5'!CB76 -> Коллективный договор АО "КЭС" на 2018 - 2020 годы, утвержден генеральным директором 01.01.2018 г., срок действия 3 года | CX41: ='Листы3-5'!CX76 -> Коллективный договор АО "КЭС" на 2018 - 2020 годы, утвержден генеральным директором 01.01.2018 г., срок действия 3 года
I42: соглашения (дата утверждения, срок
I43: действия)
A44: 11. | I44: Расходы на производство — всего | AP44: млн. рублей | BF44: ='[1]15 -1'!$O$59/1000 -> 93.344044 | CB44: ='[1]15 -1'!$P$59/1000 -> 139.08133 | CX44: ='[2]15 -1'!$R$59/1000 -> 38.622817
I45: в том числе:
A46: 11.1. | I46: относимые на электрическую энергию | AP46: млн. рублей | BF46: =BF24 -> 3.6742758 | CB46: =CB24 -> 9.7965393 | CX46: =CX24 -> 0
A47: 11.2. | I47: относимые на электрическую мощность | AP47: млн. рублей | BF47: =BF44-BF46 -> 89.669768 | CB47: =CB44-CB46 -> 129.28479 | CX47: =CX44-CX46 -> 38.622817
A48: 11.3. | I48: относимые на тепловую энергию, | AP48: млн. рублей
I49: отпускаемую с коллекторов источников
A50: 12. | I50: Объем перекрестного субсидирова-
I51: ния — всего
A52: 12.1. | I52: от производства тепловой энергии | AP52: млн. рублей
A53: 12.2. | I53: от производства электрической | AP53: млн. рублей
I54: энергии
A55: 13. | I55: Необходимые расходы из прибыли — | BF55: ='[1]15 -1'!$O$72/1000 -> 5.162393 | CB55: ='[1]15 -1'!$P$72/1000 -> 11.680166 | CX55: ='[2]15 -1'!$R$72/1000-CX61 -> 13.231081
I56: всего, в том числе:
A57: 13.1. | I57: относимые на электрическую энергию | AP57: млн. рублей | BF57: =BF46/BF44*BF55 -> 0.20320585 | CB57: =CB46/CB44*CB55 -> 0.82272154 | CX57: =CX46/CX44*CX55 -> 0
A58: 13.2. | I58: относимые на электрическую мощность | AP58: млн. рублей | BF58: =BF55-BF57 -> 4.9591872 | CB58: =CB55-CB57 -> 10.857444 | CX58: =CX55-CX57 -> 13.231081
A59: 13.3. | I59: относимые на тепловую энергию, | AP59: млн. рублей
I60: отпускаемую с коллекторов источников
A61: 14. | I61: Капитальные вложения из прибыли | BF61: =('[1]21.1-5'!$N$10+'[1]21.1-5'!$N$29)/1000 -> 2.89248 | CB61: =('[1]21.1-5'!$O$12+'[1]21.1-5'!$O$29)/1000 -> 10.705256 | CX61: =('[2]21.1-5'!$Q$12+'[2]21.1-5'!$Q$29)/1000 -> 38.318
I62: (с учетом налога на прибыль) —
I63: всего
A64: 14.1. | I64: относимые на электрическую энергию | AP64: млн. рублей | BF64: =BF46/BF44*BF61 -> 0.11385589 | CB64: =CB46/CB44*CB61 -> 0.75405134 | CX64: =CX46/CX44*CX61 -> 0
A65: 14.2. | I65: относимые на электрическую мощность | AP65: млн. рублей | BF65: =BF61-BF64 -> 2.7786241 | CB65: =CB61-CB64 -> 9.9512049 | CX65: =CX61-CX64 -> 38.318
A66: 14.3. | I66: относимые на тепловую энергию, | AP66: млн. рублей
I67: отпускаемую с коллекторов источников
A68: 15. | I68: Чистая прибыль (убыток) | AP68: млн. рублей
A69: 16. | I69: Рентабельность продаж (величина | AP69: процент
I70: прибыли от продажи в каждом рубле
I71: выручки)
A72: 17. | I72: Реквизиты инвестиционной | BF72: ='Листы3-5'!BF62 -> Инвестиционная программа АО "КЭС" на 2018 г. утверждена постановлением РСТ №113 от 31.05.2018 | CB72: =BF72 -> Инвестиционная программа АО "КЭС" на 2018 г. утверждена постановлением РСТ №113 от 31.05.2018 | CX72: ='Листы3-5'!CX62 -> Проект Инвестиционной программы по ВЭУ 13,14 подан в РСТ КК письмом АО "КЭС" от 04.03.2020 № 173
I73: программы (кем утверждена, дата
I74: утверждения, номер приказа или
I75: решения, электронный адрес
I76: размещения)
A79: Примечания: | M79: 1. Предложение о размере цен (тарифов) открытого акционерного общества «Российский концерн по производству электрической и
M80: тепловой энергии на атомных станциях» заполняется в целом по компании.
M81: 2. При подготовке предложений о размере цен (тарифов) с целью поставки электрической энергии по регулируемым договорам
M82: разделы 9, 10, 12, 13, 14 не заполняются.
A85: * Базовый период — год, предшествующий расчетному периоду регулирования.

Sheet Листы15-18
A1: III. Цены (тарифы) по регулируемым видам деятельности организации
A4: № | I4: Наименование показателей | AP4: Единица | BF4: ='Листы3-5'!BF3:CA3 -> Фактические показатели | CB4: ='Листы3-5'!CB3:CW3 -> Показатели, | CX4: ='Листы3-5'!CX3:DS3 -> Предложения
A5: п/п | AP5: измерения | BF5: ='Листы3-5'!BF4:CA4 -> за 2018 год | CB5: ='Листы3-5'!CB4:CW4 -> утвержденные на 2019 г. | CX5: ='Листы3-5'!CX4:DS4 -> на 2020 г.
BF6: 1-е | BQ6: 2-е | CB6: 1-е | CM6: 2-е | CX6: 1-е | DI6: 2-е
BF7: полугодие | BQ7: полугодие | CB7: полугодие | CM7: полугодие | CX7: полугодие | DI7: полугодие
A8: 1. | I8: Для организаций, относящихся
I9: к субъектам естественных монополий
A10: 1.1. | I10: услуги по оперативно-диспетчерс-
I11: кому управлению в электроэнергетике
I12: тариф на услуги по оперативно- | AP12: руб./МВт в мес.
I13: диспетчерскому управлению в электро-
I14: энергетике в части управления техно-
I15: логическими режимами работы
I16: объектов электроэнергетики и энерго-
I17: принимающих устройств потребителей
I18: электрической энергии, обеспечения
I19: функционирования технологической
I20: инфраструктуры оптового и розничных
I21: рынков, оказываемые открытым
I22: акционерным обществом «Системный
I23: оператор Единой энергетической
I24: системы»
I25: предельный максимальный уровень | AP25: руб./МВт·ч
I26: цен (тарифов) на услуги по оперативно-
I27: диспетчерскому управлению в электро-
I28: энергетике в части организации отбора
I29: исполнителей и оплаты услуг по обес-
I30: печению системной надежности,
I31: услуг по обеспечению вывода Единой
I32: энергетической системы России из
I33: аварийных ситуаций, услуг по форми-
I34: рованию технологического резерва
I35: мощностей, оказываемых открытым
I36: акционерным обществом «Системный
I37: оператор Единой энергетической
I38: системы»
A39: 1.2. | I39: услуги по передаче электрической
I40: энергии (мощности)
I41: двухставочный тариф:
I42: ставка на содержание сетей | AP42: руб./МВт в мес. | BF42: *** | BQ42: ='[1]24'!$P$35*1000 -> 2634218.5 | CB42: 102725 | CM42: 305004 | CX42: ='[2]15-2'!$S$72/'[2]6а'!$L$99/6*1000 -> 0 | DI42: ='[2]15-2'!$T$72/'[2]6а'!$L$104/6*1000 -> 0
I43: ставка на оплату технологического | AP43: руб./МВт·ч | BF43: *** | BQ43: ='[1]25'!$K$39*1000 -> 1671.9071 | CB43: 1480 | CM43: 1320 | CX43: ='[2]25'!$P$39*1000 -> 0 | DI43: ='[2]25'!$Q$39*1000 -> 0
I44: расхода (потерь)
I45: одноставочный тариф | AP45: руб./МВт·ч | BF45: *** | BQ45: =BQ43+'[1]15-2'!$O$73*1000 -> 10123.945 | CB45: =CB43+645 -> 2125 | CM45: =CM43+1113 -> 2433 | CX45: ='[2]15-2'!$S$73*1000+CX43 -> 0 | DI45: ='[2]15-2'!$T$73*1000+DI43 -> 0
A46: 2. | I46: Для коммерческого оператора | AP46: руб./МВт·ч
A47: 3. | I47: Для гарантирующих поставщиков
A48: 3.1. | I48: величина сбытовой надбавки для | AP48: руб./МВт·ч
I49: тарифной группы потребителей
I50: «население» и приравненных к нему
I51: категорий потребителей
A52: 3.2. | I52: величина сбытовой надбавки для | AP52: руб./МВт·ч
I54: сетевых организаций, покупающих
I55: электрическую энергию для компенса-
I56: ции потерь электрической энергии
A57: 3.3. | I57: величина сбытовой надбавки для | AP57: процент
I58: прочих потребителей:
I59: менее 670 кВт | AP59: процент
I60: от 670кВт до 10 МВт | AP60: процент
I61: от 670 кВт до 10 МВт | AP61: процент
I62: не менее 10 МВт | AP62: процент
A63: 4. | I63: Для генерирующих объектов
A64: 4.1. | I64: цена на электрическую энергию | AP64: руб./тыс. кВт·ч | BF64: *** | BQ64: ='[1]15 -1'!$O$80 -> 563.50726 | CB64: ** | CM64: ** | CX64: ='[2]22 ГЕНЕРАЦИЯ'!$X$71*1000 -> 0 | DI64: ='[2]22 ГЕНЕРАЦИЯ'!$Y$71*1000 -> 0
I65: в том числе топливная составляющая | AP65: руб./тыс. кВт·ч | BF65: =BF64 -> *** | BQ65: ='[1]15 -1'!$O$13/'[1]15 -1'!$O$70 -> 533.97573 | CB65: ** | CM65: ** | CX65: ='[2]22 ГЕНЕРАЦИЯ'!$X$67*1000 -> 0 | DI65: ='[2]22 ГЕНЕРАЦИЯ'!$Y$67*1000 -> 0
A66: 4.2. | I66: цена на генерирующую мощность | AP66: руб./МВт в мес. | BF66: *** | BQ66: ='[1]15 -1'!$O$81/'[1]6а'!$L$72/12*1000 -> 1260882.3 | CB66: 749000 | CM66: 1315000 | CX66: ='[2]22 ГЕНЕРАЦИЯ'!$X$73*1000/6 -> 4599781 | DI66: ='[2]22 ГЕНЕРАЦИЯ'!$Y$73*1000/6 -> 3128088.4
A68: 4.3. | I68: средний одноставочный тариф | AP68: руб./Гкал
I69: на тепловую энергию
A70: 4.3.1. | I70: одноставочный тариф на горячее | AP70: руб./Гкал
I71: водоснабжение
A72: 4.3.2. | I72: тариф на отборный пар давлением: | AP72: руб./Гкал
I73: 1,2—2,5 кг/см2 | AP73: руб./Гкал
I74: 2,5—7,0 кг/см2 | AP74: руб./Гкал
I75: 7,0—13,0 кг/см2 | AP75: руб./Гкал
I76: >13 кг/см2 | AP76: руб./Гкал
A77: 4.3.3. | I77: тариф на острый и редуцированный | AP77: руб./Гкал
I78: пар
A79: 4.4. | I79: двухставочный тариф на тепловую
I80: энергию
A81: 4.4.1. | I81: ставка на содержание тепловой | AP81: руб./Гкал/ч
I82: мощности | AP82: в месяц
A83: 4.4.2. | I83: тариф на тепловую энергию | AP83: руб./Гкал
A84: 4.5. | I84: средний тариф на теплоноситель, | AP84: руб./куб. метра
I85: в том числе:
I86: вода | AP86: руб./куб. метра
I87: пар | AP87: руб./куб. метра
A91: * Базовый период — год, предшествующий расчетному периоду регулирования.
A92: ** Региональной службой показатель не утвержден
A93: *** АО "КЭС" является субъектом малого предпринимательства, квартальная,
A94: полугодовая отчетность не ведется

Sheet Листы6-11 ГП
A1: 1
A3: № | I3: Наименование показателей | AP3: Единица | BF3: ='Листы3-5'!BF3:CA3 -> Фактические показатели | CB3: ='Листы3-5'!CB3:CW3 -> Показатели, | CX3: ='Листы3-5'!CX3:DS3 -> Предложения
A4: п/п | AP4: измерения | BF4: ='Листы3-5'!BF4:CA4 -> за 2018 год | CB4: ='Листы3-5'!CB4:CW4 -> утвержденные на 2019 г. | CX4: ='Листы3-5'!CX4:DS4 -> на 2020 г.
A5: 1. | I5: Объемы полезного отпуска
I6: электрической энергии — всего | BF6: Таблица не заполняется, АО "КЭС" не является гарантирующим поставщиком.
I7: в том числе:
A8: 1.1. | I8: населению и приравненным к нему | AP8: тыс. кВт·ч
I9: категориям потребителей
A10: 1.1.А. | I10: в пределах социальной нормы | AP10: тыс. кВт·ч
I11: первое полугодие | AP11: тыс. кВт·ч
I12: второе полугодие | AP12: тыс. кВт·ч
A13: 1.1.Б. | I13: сверх социальной нормы | AP13: тыс. кВт·ч
I14: первое полугодие | AP14: тыс. кВт·ч
I15: второе полугодие | AP15: тыс. кВт·ч
I16: в том числе:
A17: 1.1.1. | I17: население, проживающее в городских | AP17: тыс. кВт·ч
I18: населенных пунктах в домах,
I19: не оборудованных в установленном
I20: порядке стационарными электропли-
I21: тами и (или) электроотопительными
I22: установками
A23: 1.1.1.А. | I23: в пределах социальной нормы | AP23: тыс. кВт·ч
I24: первое полугодие | AP24: тыс. кВт·ч
I25: второе полугодие | AP25: тыс. кВт·ч
A26: 1.1.1.Б. | I26: сверх социальной нормы | AP26: тыс. кВт·ч
I27: первое полугодие | AP27: тыс. кВт·ч
I28: второе полугодие | AP28: тыс. кВт·ч
A29: 1.1.2. | I29: население, проживающее в городских | AP29: тыс. кВт·ч
I30: населенных пунктах в домах,
I31: оборудованных в установленном
I32: порядке стационарными
I33: электроплитами
A34: 1.1.2.А. | I34: в пределах социальной нормы | AP34: тыс. кВт·ч
I35: первое полугодие | AP35: тыс. кВт·ч
I36: второе полугодие | AP36: тыс. кВт·ч
A37: 1.1.2.Б. | I37: сверх социальной нормы | AP37: тыс. кВт·ч
I38: первое полугодие | AP38: тыс. кВт·ч
I39: второе полугодие | AP39: тыс. кВт·ч
A40: 1.1.3. | I40: население, проживающее в городских | AP40: тыс. кВт·ч
I41: населенных пунктах в домах,
I42: оборудованных в установленном
I43: порядке стационарными электроото-
I44: пительными установками
A45: 1.1.3.А. | I45: в пределах социальной нормы | AP45: тыс. кВт·ч
I46: первое полугодие | AP46: тыс. кВт·ч
I47: второе полугодие | AP47: тыс. кВт·ч
A48: 1.1.3.Б. | I48: сверх социальной нормы | AP48: тыс. кВт·ч
I49: первое полугодие | AP49: тыс. кВт·ч
I50: второе полугодие | AP50: тыс. кВт·ч
A51: 1.1.4. | I51: население, проживающее в городских | AP51: тыс. кВт·ч
I52: населенных пунктах в домах,
I53: оборудованных в установленном
I54: порядке стационарными электропли-
I55: тами и электроотопительными
I56: установками
A57: 1.1.4.А. | I57: в пределах социальной нормы | AP57: тыс. кВт·ч
I58: первое полугодие | AP58: тыс. кВт·ч
I59: второе полугодие | AP59: тыс. кВт·ч
A60: 1.1.4.Б. | I60: сверх социальной нормы | AP60: тыс. кВт·ч
I61: первое полугодие | AP61: тыс. кВт·ч
I62: второе полугодие | AP62: тыс. кВт·ч
A63: 1.1.5. | I63: население, проживающее в сельских | AP63: тыс. кВт·ч
I64: населенных пунктах
A65: 1.1.5.А. | I65: в пределах социальной нормы | AP65: тыс. кВт·ч
I66: первое полугодие | AP66: тыс. кВт·ч
I67: второе полугодие | AP67: тыс. кВт·ч
A68: 1.1.5.Б. | I68: сверх социальной нормы | AP68: тыс. кВт·ч
I69: первое полугодие | AP69: тыс. кВт·ч
I70: второе полугодие | AP70: тыс. кВт·ч
A71: 1.1.6. | I71: потребители, приравненные | AP71: тыс. кВт·ч
I72: к населению, — всего
A73: 1.1.6.А. | I73: в пределах социальной нормы | AP73: тыс. кВт·ч
I74: первое полугодие | AP74: тыс. кВт·ч
I75: второе полугодие | AP75: тыс. кВт·ч
A76: 1.1.6.Б. | I76: сверх социальной нормы | AP76: тыс. кВт·ч
I77: первое полугодие | AP77: тыс. кВт·ч
I78: второе полугодие | AP78: тыс. кВт·ч
A79: 1.2. | I79: потребителям, за исключением | AP79: тыс. кВт·ч
I80: электрической энергии, поставляемой
I81: населению и приравненным к нему
I82: категориям потребителей и сетевым
I83: организациям
I84: менее 150 кВт | AP84: тыс. кВт·ч
I85: первое полугодие | AP85: тыс. кВт·ч
I86: второе полугодие | AP86: тыс. кВт·ч
I87: от 150 кВт до 670 кВт | AP87: тыс. кВт·ч
I88: первое полугодие | AP88: тыс. кВт·ч
I89: второе полугодие | AP89: тыс. кВт·ч
I90: от 670 кВт до 10 МВт | AP90: тыс. кВт·ч
I91: первое полугодие | AP91: тыс. кВт·ч
I92: второе полугодие | AP92: тыс. кВт·ч
I93: не менее 10 МВт | AP93: тыс. кВт·ч
I94: первое полугодие | AP94: тыс. кВт·ч
I95: второе полугодие | AP95: тыс. кВт·ч
A96: 1.3. | I96: сетевым организациям, приобретаю- | AP96: тыс. кВт·ч
I97: щим электрическую энергию в целях
I98: компенсации потерь электрической
I99: энергии в сетях
I100: в первом полугодии | AP100: тыс. кВт·ч
I101: во втором полугодии | AP101: тыс. кВт·ч
...

Sheet НВВ долгоср
A3: Расчет необходимой валовой выручки методом индексации установленных тарифов
A5: № | F5: Наименование расхода | AJ5: 2020 г. | BF5: 2021 г. | CB5: 2022 г. | CX5: год i1 | DU5: 2023 г. | EQ5: 2024 г.
A6: п. п. | AJ6: факт в году | AU6: прогноз | BF6: факт в году | BQ6: прогноз | CB6: факт в году | CM6: прогноз | CX6: факт в году | DI6: прогноз | DU6: факт в году | EF6: прогноз | EQ6: факт в году | FB6: прогноз
AJ7: 2020 по данным | AU7: на год 2020 | BF7: 2021 по дан- | BQ7: на год 2021 | CB7: 2022 по дан- | CM7: на год 2022 | CX7: i1 по данным | DI7: на год i1 | DU7: 2023 по дан- | EF7: на год 2023 | EQ7: 2024 по дан- | FB7: на год 2024
AJ8: регулируемой | AU8: по данным | BF8: ным регули- | BQ8: по данным | CB8: ным регули- | CM8: по данным | CX8: регулируемой | DI8: по данным | DU8: ным регули- | EF8: по данным | EQ8: ным регули- | FB8: по данным
AJ9: организации | AU9: регулируемой | BF9: руемой | BQ9: регулируемой | CB9: руемой | CM9: регулируемой | CX9: организации | DI9: регулируемой | DU9: руемой | EF9: регулируемой | EQ9: руемой | FB9: регулируемой
AU10: организации | BF10: организации | BQ10: организации | CB10: организации | CM10: организации | DI10: организации | DU10: организации | EF10: организации | EQ10: организации | FB10: организации
A11: 1 | F11: 2 | AJ11: 3 | AU11: 4 | BF11: 5 | BQ11: 6 | CB11: 7 | CM11: 8 | CX11: n–1 | DI11: n | DU11: 9 | EF11: 10 | EQ11: 11 | FB11: 12
A12: 1. | F12: Операционные (подконтрольные) | AU12: ='[2]НВВ долгоср'!$AU$12 -> 25411.892 | BQ12: =AU12*103.9% -> 26402.956 | CM12: =BQ12*103.9% -> 27432.671 | EF12: =CM12*103.9% -> 28502.546 | FB12: =EF12*103.9% -> 29614.145
F13: расходы
A14: 2. | F14: Неподконтрольные расходы | AU14: ='[2]НВВ долгоср'!$AU$14 -> 13210.924 | BQ14: ='[2]НВВ долгоср'!$BQ$14 -> 13311.486 | CM14: ='[2]НВВ долгоср'!$CM$14 -> 13416.025 | EF14: ='[2]НВВ долгоср'!$DI$14 -> 13524.641 | FB14: ='[2]НВВ долгоср'!$EE$14 -> 13637.493
A15: 3. | F15: Расходы на приобретение (производст- | AU15: 0 | BQ15: 0 | CM15: 0 | EF15: 0 | FB15: 0
F16: во) энергетических ресурсов, холодной
F17: воды и теплоносителя
A18: 4. | F18: Прибыль | AU18: ='[2]НВВ долгоср'!$AU$18 -> 51549.081 | BQ18: ='[2]НВВ долгоср'!$BQ$18 -> 33065 | CM18: ='[2]НВВ долгоср'!$CM$18 -> 33342 | EF18: ='[2]НВВ долгоср'!$DI$18 -> 33629 | FB18: ='[2]НВВ долгоср'!$EE$18 -> 33928
A19: 5. | F19: Результаты деятельности до перехода
F20: к регулированию цен (тарифов) на ос-
F21: нове долгосрочных параметров регули-
F22: рования
A23: 6. | F23: Корректировка с целью учета откло-
F24: нения фактических значений парамет-
F25: ров расчета тарифов от значений,
F26: учтенных при установлении тарифов
A27: 7. | F27: Корректировка с учетом надежности
F28: и качества реализуемых товаров
F29: (оказываемых услуг), подлежащая
F30: учету в НВВ
A31: 8. | F31: Корректировка НВВ в связи с измене-
F32: нием (неисполнением) инвестиционной
F33: программы
A34: 9. | F34: Корректировка, подлежащая учету
F35: в НВВ и учитывающая отклонение
F36: фактических показателей энергосбере-
F37: жения и повышения энергетической
F38: эффективности от установленных пла-
F39: новых (расчетных) показателей и
F40: отклонение сроков реализации прог-
F41: раммы в области энергосбережения
F42: и повышения энергетической эффек-
F43: тивности от установленных сроков
F44: реализации такой программы
A45: 10. | F45: ИТОГО необходимая валовая | AU45: =AU12+AU14+AU15+AU18 -> 90171.897 | BQ45: =BQ12+BQ14+BQ15+BQ18 -> 72779.443 | CM45: =CM12+CM14+CM15+CM18 -> 74190.697 | EF45: =EF12+EF14+EF15+EF18 -> 75656.187 | FB45: =FB12+FB14+FB15+FB18 -> 77179.638
F46: выручка
A47: 11. | F47: Товарная выручка

Sheet подконтр 2020-2022
CB1: Приложение 5.2
A4: Расчет операционных (подконтрольных) расходов
A5: на каждый год долгосрочного периода регулирования
A8: № | F8: Параметры расчета расходов | AR8: Единица | BA8: Долгосрочный период
A9: п. п. | AR9: измерения | BA9: регулирования
BA10: 2020 | BH10: 2021 | BO10: 2022 | BV10: год i1 | CE10: 2023 | CL10: 2024
A12: 1 | F12: 2 | AR12: 3 | BA12: 4 | BH12: 5 | BO12: 6 | BV12: n | CE12: 7 | CL12: 8
A13: 1. | F13: Индекс потребительских цен на расчетный | BA13: 104.3 | BH13: 103.9 | BO13: 103.9 | CE13: 103.9 | CL13: 103.9
F14: период регулирования (ИПЦ)
A15: 2. | F15: Индекс эффективности операционных | AR15: %
F16: расходов (ИР)
A17: 3. | F17: Индекс изменения количества активов (ИКА)
A18: 3.1. | F18: количество условных единиц, относящихся | AR18: у. е.
F19: к активам, необходимым для осуществления
F20: регулируемой деятельности
A21: 3.2. | F21: установленная тепловая мощность источника | AR21: Гкал/ч
F22: тепловой энергии
A23: 4. | F23: Коэффициент эластичности затрат по росту
F24: активов (Кэл)
A25: 2. | F25: Операционные (подконтрольные) расходы | AR25: тыс. руб. | BA25: ='[2]подконтр 2020-2024'!$BA$25 -> 25411.892 | BH25: =BA25*BH13/100 -> 26402.956 | BO25: =BH25*BO13/100 -> 27432.671 | CE25: =BO25*CE13/100 -> 28502.546 | CL25: =CE25*CL13/100 -> 29614.145
